 Dungeon Crawl Stone Soup version 0.30-b1-2-g02819fbbbe (webtiles) character file.

Game seed: 16386871384547636593

22668 Fartwhistle the Thaumaturge (level 13, -3/108 HPs)
             Began as an Octopode Transmuter on June 6, 2023.
             Was an Elder of Cheibriados.
             Slain by a wolf spider (5 damage)
             ... on level 2 of the Lair of Beasts.
             The game lasted 00:48:49 (14705 turns).

Fartwhistle the Thaumaturge (Octopode Transmuter)  Turns: 14705, Time: 00:48:50

Health: -3/108     AC: 12    Str: 32    XL:     13   Next: 1%
Magic:  24/26      EV: 11    Int: 42    God:    Cheibriados [****..]
Gold:   541        SH:  0    Dex: 24    Spells: 15/30 levels left

rFire   + .          .
                       - Unarmed
rCold   + + +        x - melded +0 buckler
rNeg    . . .        R - melded +1 hat
rPois   +            X - amulet of Zout {Faith *Slow rF++ Dex+2}
rElec   .            s - +6 ring of strength
rCorr   .            z - ring of Goteqaf {Will+ Str+6 Int+6 Stlth-}
SInv    .            D - +6 ring of intelligence
Will    ++...        L - ring of the Two Names {rPois Slay+5 Stlth+}
Stlth   ++           F - ring of willpower
HPRegen 0.38/turn    (no ring)
MPRegen 0.20/turn    (no ring)
                     (no ring)

%: slow self (1%), faith
@: ice-form, very slow
A: freezing attack, boosted hp, almost no armour, amphibious, 8 rings, large,
(camouflage 1), (gelatinous body 1), (nimble swimmer 1), (tentacles)
a: End Transformation, Renounce Religion, Bend Time, Temporal Distortion, Slouch


You were on level 2 of the Lair of Beasts.
You worshipped Cheibriados.
Cheibriados was greatly pleased with you.
You were a creature of crystalline ice.
You visited 3 branches of the dungeon, and saw 14 of its levels.
You also visited: Sewer and Ice Cave.

You collected 854 gold pieces.
You spent 313 gold pieces at shops.

Inventory:

Missiles
 p - 2 throwing nets
Armour
 x - a +0 buckler (melded)
 R - a +1 hat (melded)
 T - a +0 buckler of cold resistance
Magical Staves
 C - a staff of conjuration
 G - a staff of fire
Jewellery
 a - a ring of ice
 s - a +6 ring of strength (left front paw)
 z - the ring of Goteqaf (right front paw) {Will+ Str+6 Int+6 Stlth-}
   (You found it on level 5 of the Dungeon)

   [ring of strength]

   Str:       It affects your strength (+6).
   Int:       It affects your intelligence (+6).
   Will:      It increases your willpower.
   Stlth:     It makes you less stealthy.
 D - a +6 ring of intelligence (on tentacle)
 F - a ring of willpower (on tentacle)
 L - the ring of the Two Names (on tentacle) {rPois Slay+5 Stlth+}
   (You found it on level 10 of the Dungeon)

   [ring of poison resistance]

   Slay:      It affects your accuracy & damage with ranged weapons and melee
   (+5).
   rPois:     It protects you from poison.
   Stlth:     It makes you more stealthy.
 Q - an amulet of regeneration
 V - the ring of Lies {Ice Int+3 Dex+2}
   (You found it in an ice cave)

   [ring of ice]

   It enhances your ice magic.
   Int:       It affects your intelligence (+3).
   Dex:       It affects your dexterity (+2).
   rF:        It makes you vulnerable to fire.
   rC:        It protects you from cold.
 X - the amulet of Zout (around neck) {Faith *Slow rF++ Dex+2}
   (You found it in an ice cave)

   [amulet of faith]

   It allows you to gain divine favour quickly.
   Dex:       It affects your dexterity (+2).
   rF:        It greatly protects you from fire.
   *Slow:     It may slow you when you take damage.
Wands
 y - a wand of digging (5)
 E - a wand of light (7)
 I - a wand of roots (10)
 K - a wand of paralysis (11)
 U - a wand of polymorph (4)
Scrolls
 d - a scroll of immolation
 i - 3 scrolls of enchant armour
 j - a scroll of noise
 l - 3 scrolls of magic mapping
 m - 2 scrolls of teleportation
 n - 2 scrolls of amnesia
 o - a scroll of fear
 u - 2 scrolls of torment
 w - 3 scrolls of enchant weapon
 H - a scroll of silence
 O - a scroll of blinking
 P - 5 scrolls of fog {unknown}
 S - 2 scrolls of poison {unknown}
 W - a scroll of vulnerability {unknown}
Potions
 b - 8 potions of curing
 c - 2 potions of might {unknown}
 e - 3 potions of attraction
 f - a potion of haste {unknown}
 g - a potion of heal wounds
 h - a potion of magic
 k - 2 potions of ambrosia
 q - a potion of degeneration {unknown}
 r - 6 potions of flight
 t - 6 potions of berserk rage
 v - 2 potions of cancellation
 B - a potion of brilliance {unknown}
 M - 3 potions of mutation {unknown}
 N - a potion of lignification
Miscellaneous
 J - a phantom mirror


   Skills:
 + Level 9.2 Fighting
 - Level 2.0 Dodging
 - Level 2.0 Shields
 + Level 9.2 Unarmed Combat
 - Level 9.2 Spellcasting
 + Level 6.7 Conjurations
 - Level 8.0 Transmutations
 - Level 4.0 Ice Magic
 - Level 2.0 Poison Magic
 - Level 9.0 Invocations
 - Level 4.0 Evocations


You had 15 spell levels left.
You knew the following spells:

 Your Spells              Type           Power      Damage    Failure   Level
a - Beastly Appendage     Tmut           100%       N/A       1%          1
b - Wereblood             Tmut           72%        N/A       1%          2
c - Spider Form           Tmut/Pois      57%        N/A       1%          3
d - Ice Form              Ice/Tmut       63%        N/A       1%          4
e - Inner Flame           Hex/Fire       19%        N/A       4%          3
f - Blink                 Tloc           38%        N/A       2%          2

Your spell library contained the following spells:

 Spells                   Type           Power      Damage    Failure   Level
 Momentum Strike          Conj/Tloc      94%        3d10      1%          2
 Lesser Beckoning         Tloc           38%        N/A       2%          2
 Vhi's Electric Charge    Tloc/Air       38%        N/A       4%          3
 Flame Wave               Conj/Fire      47%        2d12      4%          4
 Fulminant Prism          Conj/Hex       23%        3d12      4%          4
 Sticky Flame             Conj/Fire      47%        2d6       4%          4
 Yara's Violent Unravell  Hex/Tmut       26%        3d11      9%          5
 Arcjolt                  Conj/Air       23%        1d33      12%         5
 Plasma Beam              Fire/Air       9%         2x1d22    95%         6
 Enfeeble                 Hex            9%         N/A       100%        7


Dungeon Overview and Level Annotations

Branches:
Dungeon (11/15)            Temple (1/1) D:6            Lair (2/5) D:11
  Swamp (0/4) Lair:2        Snake (0/4) Lair:2          Orc (0/2) D:11
  Sewer (visited)           IceCv (visited)

Altars:
Ashenzari
Cheibriados
Dithmenos
Elyvilon
Fedhas
Gozag
Hepliaklqana
Kikubaaqudgha
Nemelex Xobeh
Okawaru
Qazlal
Ru
Sif Muna
Trog
Uskayaw
Wu Jian
Xom
Yredelemnul
Zin
The Shining One

Shops:
D:7 **

Annotations:
D:9 exclusion: downstairs
D:10 Maggie, Urug
Lair:2 1 exclusion


Innate Abilities, Weirdness & Mutations

You are a creature of crystalline ice.
You have a powerful freezing melee attack.
Your maximum health is increased.
Your armour is entirely melded.
You are incapable of wielding weapons or throwing items.
You cannot wear most types of armour.
You are amphibious.
You can wear up to eight rings at the same time.
((Your skin changes colour to match your surroundings (Stealth+).))
((Your rubbery body absorbs attacks. (AC +1, EV +1)))
((You are camouflaged when in or above water. (Stealth+)))
((You have tentacles for arms and can constrict up to eight enemies at once.))


Message History

You are poisoned.
The wolf spider poisons you! The wolf closely misses you.
The wolf spider hits you but does no damage.
The wolf spider bites you.
You barely miss the wolf spider.
The wolf spider is moderately wounded.
You feel very sick. The wolf barely misses you.
A wolf spider comes into view.
The wolf spider hits you but does no damage.
The wolf spider bites you! The wolf bites you but does no damage.
The wolf attacks as you move away! The wolf barely misses you.
You feel extremely sick.
You pummel the wolf spider!! You freeze the wolf spider.
The wolf spider is almost dead.
You feel very sick.
You hear a howl!
The wolf spider hits you!
* * * LOW HITPOINT WARNING * * *
The wolf spider closely misses you. The wolf spider hits you!
* * * LOW HITPOINT WARNING * * *
The wolf spider bites you.
* * * LOW HITPOINT WARNING * * *
You hear a loud, deep croak!
You feel better.
The wolf spider hits you but does no damage.
The wolf spider bites you but does no damage.
You hit the wolf spider. You freeze the wolf spider.
The wolf spider is almost dead.
The wolf spider hits you but does no damage.
The wolf spider bites you.
* * * LOW HITPOINT WARNING * * *
You are lethally poisoned!
The wolf spider poisons you!
You feel better. The wolf spider hits you!
* * * LOW HITPOINT WARNING * * *
The wolf spider barely misses you. The wolf spider hits you!
* * * LOW HITPOINT WARNING * * *
The wolf spider bites you.
You die...

####.......#...###
###..#.##.........
#......#.......P#
###.....##.).#...#######.
#.#..........##.........[
........#...##....†......
#......#.##.....#h.......
......#.##.#....#s####.#.
.......#.##....#Y##P# ###
..................#..##.##
...##P...###...##.#.....P#
........## ##.P##.##..#..
##### ........## #..###.#
#..#####.P.#
...##..#.#.P... #.#
#...........
#..##.........# #.#
#...#PP..#.. #P.P.#.# ..#.
##.# #..P######.. ..P.P#.#
#..# #>.## #..


You could see a wolf spider and a wolf.

Vanquished Creatures
  An azure jelly (IceCv)
  A quicksilver ooze (IceCv)
  Harold (D:10)
  2 boulder beetles
  A two-headed ogre (D:10)
  2 bog bodies (Lair:2)
  A deep elf pyromancer (D:11)
  A wolf spider (D:10)
  An ugly thing (D:11)
  2 cyclopes
  Joseph (D:9)
  A salamander (Lair:2)
  14 slime creatures (IceCv)
  3 ice statues (IceCv)
  2 cane toads
  2 rime drakes (Lair:1)
  5 komodo dragons
  Prince Ribbit (D:9)
  3 trolls
  4 shadows (D:11)
  9 yaks
  A wyvern (D:11)
  A steam dragon (D:10)
  Grum (D:9)
  An acid dragon (D:11)
  A two-headed ogre zombie (D:11)
  4 water moccasins
  An ice beast (D:7)
  2 sky beasts
  An orc warrior (D:11)
  3 great orb of eyes simulacra (IceCv)
  2 centaurs
  2 ogres
  9 wolves
  5 slime creature simulacra (IceCv)
  Blork the orc (D:5)
  4 kobold brigands
  9 bullfrogs
  A gnoll sergeant (D:5)
  5 scorpions
  A glowing shapeshifter simulacrum (IceCv)
  4 wights (D:7)
  A troll zombie (D:11)
  16 killer bees
  2 howler monkeys (D:9)
  A jelly (D:4)
  An orc priest (D:11)
  3 hounds
  2 sleepcaps
  4 orc wizards
  3 shapeshifter simulacra (IceCv)
  6 ogre zombies (D:11)
  7 gnolls
  12 adders
  3 river rats (D:3)
  2 shadow imps (D:6)
  An ufetubus (D:4)
  5 worms
  2 dart slugs
  14 orcs
  16 ball pythons
  12 endoplasms
  14 giant cockroaches
  8 goblins
  4 hobgoblins
  24 kobolds
  7 quokkas
  5 bats
  7 frilled lizards
  3 goblin zombies (D:11)
  2 hobgoblin skeletons (D:11)
  4 hobgoblin zombies (D:11)
  An orc skeleton (D:11)
  15 orc zombies (D:11)
  4 rats
328 creatures vanquished.

Vanquished Creatures (others)
  3 fungi (Lair:1)
  45 plants
48 creatures vanquished.

Grand Total: 376 creatures vanquished

Notes
Turn   | Place    | Note
-------+----------+-------------------------------------------
     0 | D:1      | Fartwhistle the Octopode Transmuter began the quest for the
                  | Orb.
     0 | D:1      | Reached XP level 1. HP: 13/13 MP: 3/3
   126 | D:1      | Reached XP level 2. HP: 18/18 MP: 5/5
   580 | D:2      | Learned a level 2 spell: Wereblood
   714 | D:2      | Reached XP level 3. HP: 16/23 MP: 6/6
   721 | D:2      | Learned a level 3 spell: Spider Form
   895 | D:2      | Reached XP level 4. HP: 26/28 MP: 6/8
   921 | D:2      | Reached skill level 1 in Poison Magic
  1212 | D:3      | Found a glowing drain.
  1246 | Sewer    | Entered a sewer
  1260 | Sewer    | Reached XP level 5. HP: 33/33 MP: 7/9
  1602 | Sewer    | Reached XP level 6. HP: 23/38 MP: 5/10
  1651 | Sewer    | Got the Excursus on Fascination
  2065 | D:3      | Found a broken altar of Ashenzari.
  2707 | D:4      | Reached skill level 5 in Transmutations
  2903 | D:4      | Reached XP level 7. HP: 19/45 MP: 9/12
  3390 | D:4      | Found an opulent altar of Gozag.
  3619 | D:5      | Entered Level 5 of the Dungeon
  3873 | D:5      | Noticed Blork the orc
  4004 | D:5      | Learned a level 4 spell: Ice Form
  4137 | D:5      | Identified the ring of Goteqaf {Will+ Str+6 Int+6 Stlth-}
  4173 | D:5      | Found a sparkling altar of Nemelex Xobeh.
  4414 | D:5      | Killed Blork the orc
  4415 | D:5      | Reached skill level 1 in Shields
  4415 | D:5      | Reached skill level 1 in Ice Magic
  4415 | D:5      | Reached XP level 8. HP: 49/52 MP: 14/14
  5059 | D:6      | Found a stormy altar of Qazlal.
  5453 | D:6      | Found a staircase to the Ecumenical Temple.
  5462 | Temple   | Entered the Ecumenical Temple
  5481 | Temple   | Became a worshipper of Cheibriados the Contemplative
  5610 | D:7      | Found Leshrups's Serpentskin Sales.
  5913 | D:7      | Reached XP level 9. HP: 50/60 MP: 15/15
  6172 | D:7      | Reached skill level 5 in Fighting
  6490 | D:7      | Found Ohudoyx's General Store.
  6491 | D:7      | Noticed a cyclops
  6502 | D:7      | Killed a cyclops
  6762 | D:7      | Reached skill level 5 in Unarmed Combat
  6921 | D:7      | Bought a potion of curing for 33 gold pieces
  6945 | D:7      | Bought a ring of poison resistance for 280 gold pieces
  7166 | D:8      | Reached skill level 5 in Spellcasting
  7461 | D:8      | Found a hazy altar of Hepliaklqana.
  7531 | D:8      | Reached * piety under Cheibriados
  7871 | D:9      | Noticed Prince Ribbit
  7878 | D:9      | Killed Prince Ribbit
  7879 | D:9      | Reached skill level 1 in Invocations
  7987 | D:9      | Found a basalt altar of Yredelemnul.
  7988 | D:9      | Found an iron altar of Okawaru.
  7996 | D:9      | Noticed Joseph
  8016 | D:9      | Killed Joseph
  8017 | D:9      | Reached XP level 10. HP: 34/68 MP: 10/18
  8151 | D:9      | Found a shadowy altar of Dithmenos.
  8293 | D:9      | Noticed Grum
  8306 | D:9      | Killed Grum
  8692 | D:9      | Reached ** piety under Cheibriados
  8695 | D:9      | Reached skill level 5 in Invocations
  9029 | D:10     | Entered Level 10 of the Dungeon
  9029 | D:10     | Noticed Urug
  9233 | D:10     | Noticed a cyclops
  9237 | D:10     | Killed a cyclops
  9260 | D:10     | Noticed a wolf spider
  9262 | D:10     | Killed a wolf spider
  9323 | D:10     | Noticed Harold
  9340 | D:10     | Killed Harold
  9461 | D:10     | Noticed Maggie
  9502 | D:10     | Reached XP level 11. HP: 70/72 MP: 21/23
  9644 | D:10     | Identified the ring of the Two Names {rPois Slay+5 Stlth+}
  9725 | D:10     | Noticed a boulder beetle
  9750 | D:10     | Killed a boulder beetle
  9756 | D:10     | Noticed a two-headed ogre
  9826 | D:10     | Reached *** piety under Cheibriados
  9836 | D:10     | Noticed a purple very ugly thing
 10011 | D:10     | Killed a two-headed ogre
 10041 | D:10     | Noticed a fire giant
 10528 | D:11     | Learned a level 3 spell: Inner Flame
 10691 | D:11     | Reached **** piety under Cheibriados
 10752 | D:11     | Found a staircase to the Orcish Mines.
 10834 | D:11     | Reached skill level 1 in Evocations
 10855 | D:11     | Noticed a red ugly thing
 10862 | D:11     | Found a sacrificial altar of Ru.
 11053 | D:11     | Reached skill level 1 in Conjurations
 11327 | D:11     | Killed a red ugly thing
 11632 | D:11     | Found a staircase to the Lair.
 11639 | D:11     | Noticed a deep elf pyromancer
 11644 | D:11     | Killed a deep elf pyromancer
 11894 | D:10     | Noticed a tengu warrior
 11976 | Lair:1   | Entered Level 1 of the Lair of Beasts
 12373 | Lair:1   | Learned a level 2 spell: Blink
 12636 | Lair:1   | Reached XP level 12. HP: 67/80 MP: 20/25
 12987 | Lair:2   | Noticed a boulder beetle
 12998 | Lair:2   | Killed a boulder beetle
 13002 | Lair:2   | Identified the +2 robe "Duasautwikk" {Rampage rPois Will-
                  | Int-3}
 13209 | Lair:2   | Found a frozen archway.
 13226 | IceCv    | Entered an ice cave
 13524 | IceCv    | Reached ***** piety under Cheibriados
 13739 | IceCv    | Noticed a quicksilver ooze
 13750 | IceCv    | Reached skill level 5 in Conjurations
 13751 | IceCv    | Killed a quicksilver ooze
 13898 | IceCv    | Found a viscous altar of Jiyva.
 13898 | IceCv    | Noticed an azure jelly
 13907 | IceCv    | Killed an azure jelly
 14044 | IceCv    | Got the ring of Lies {Ice Int+3 Dex+2}
 14048 | IceCv    | Identified the amulet of Zout {Faith *Slow rF++ Dex+2}
 14160 | Lair:2   | Found a staircase to the Swamp.
 14399 | Lair:2   | Found a staircase to the Snake Pit.
 14691 | Lair:2   | Reached XP level 13. HP: 83/90 MP: 21/26
 14705 | Lair:2   | HP: 2/108 [wolf spider (8)]
 14705 | Lair:2   | Slain by a wolf spider

Illustrated notes

Levels and vault maps discovered:
D:1:      nzn_arrival_crosshair, layout_basic
D:2:      layout_rooms, kennysheep_path_1
D:3:      layout_loops_corners, lemuel_coloured_pillars_altar,
          portal_sewer_entry_b, nicolae_underground_beach
D:4:      layout_loops_ring, general_overflow_altar
D:5:      layout_cave_pools, nemelex_dance_club_becter, serial_column_ruins,
          column_ruins_corridor_straight, column_ruins_columns_water,
          column_ruins_open_small_water, column_ruins_open_medium,
          column_ruins_grid_1, uniq_blork_the_orc
D:6:      layout_basic, grunt_qazlal_sundering, minmay_temple_entry_poolview
D:7:      layout_rooms, nicolae_overflow_hidden_temple, serial_shops, shop,
          guppyfry_shop_venom
D:8:      layout_cave_pods, lemuel_round_altar
D:9:      layout_loops_cross, chequers_temple_overflow_statue_of_worship,
          mainiacjoe_overflow_catwalk, uniq_joseph, uniq_prince_ribbit1,
          uniq_grum
D:10:     minmay_chopped_fan, layout_irregular_city, demons_altar, uniq_harold,
          uniq_urug, uniq_maggie
D:11:     layout_basic, david_lair_shrubbed, zombieorc2_lemuel,
          nicolae_ru_sacrificial_ziggurat
Temple:   hellmonk_temple_two_chambers
Lair:1:   layout_regular_city, chequers_serial_rivers_micro_e
Lair:2:   layout_loops_ring, skrybe_swamp_entry_bodies,
          nicolae_snake_entry_warm_welcome, portal_ice_cave_entry_pillars_2,
          nicolae_lair_run_with_the_wolves

Skill      XL: |  1  2  3  4  5  6  7  8  9 10 11 12 |
---------------+-------------------------------------+-----
Transmutations | 3 4 5 6 7 8 |  8.0
Poison Magic   | 1 2 |  2.0
Spellcasting   | 3 4 5 8 9 |  9.2
Fighting       | 2 3 4 6 9 |  9.2
Unarmed Combat | 4 5 6 9 |  9.2
Shields        | 1 2 |  2.0
Ice Magic      | 1 3 4 |  4.0
Invocations    | 2 7 9 |  9.0
Evocations     | 3 4 |  4.0
Conjurations   | 3 6 |  6.7
Dodging        | |  2.0

Action                     |  1- 3 |  4- 6 |  7- 9 | 10-12 | 13-15 || total
---------------------------+-------+-------+-------+-------+-------++-------
  Melee: Unarmed           |    55 |   199 |   234 |   420 |     7 ||   915
         Tentacles         |    18 |    39 |    28 |    23 |       ||   108
         Constrict         |    18 |    38 |    20 |     8 |       ||    84
         Punch             |     2 |     7 |     5 |     7 |       ||    21
  Throw: Throwing net      |       |       |       |     1 |       ||     1
   Cast: Spider Form       |       |     5 |    15 |     1 |       ||    21
         Wereblood         |       |     2 |       |     1 |       ||     3
         Ice Form          |       |       |     8 |    39 |       ||    47
         Blink             |       |       |       |     1 |       ||     1
         Inner Flame       |       |       |       |     1 |       ||     1
 Invoke: Slouch            |       |       |       |     3 |       ||     3
Ability: End Transformatio |       |       |       |     2 |       ||     2
  Evoke: Wand              |       |       |     8 |    17 |       ||    25
         Phantom mirror    |       |       |       |     1 |       ||     1
    Use: Potion            |       |       |     5 |     5 |     2 ||    12
         Scroll            |       |       |     4 |    16 |       ||    20
   Stab: Sleeping          |     5 |    14 |     3 |     1 |       ||    23
         Paralysed         |       |       |     8 |     5 |       ||    13
         Distracted        |       |       |     1 |     1 |       ||     2
         Invisible         |       |       |     1 |     2 |       ||     3
 Armour: Skin              |    11 |    11 |    47 |   136 |    10 ||   215
  Dodge: Dodged            |    37 |   129 |   160 |   176 |    13 ||   515
  Block: Buckler           |       |       |     2 |    13 |       ||    15
